 Dungeon Crawl Stone Soup version 0.23.1 (webtiles) character file.

Game seed: 7080638882031418542

653 Hasart the Slasher (level 7, -2/44 HPs)
             Began as a Gargoyle Fighter on Mar 4, 2019.
             Killed by nerve-wracking pain
             ... invoked by an orc priest
              (4 damage)
             ... on level 4 of the Dungeon.
             The game lasted 00:04:38 (4040 turns).

Hasart the Slasher (Gargoyle Fighter)               Turns: 4040, Time: 00:04:39

Health: -2/44      AC: 19    Str: 19    XL:     7   Next: 54%
Magic:  7/7        EV:  3    Int: 10    God:
Gold:   180        SH:  9    Dex: 10    Spells: 6/6 levels left

rFire    + . .     SeeInvis .   a - +0 long sword
rCold    . . .     Gourm    .   c - +0 shield
rNeg     + . .     Faith    .   s - +0 plate armour
rPois    ∞         Spirit   .   (no helmet)
rElec    +         Reflect  .   r - +0 cloak
rCorr    .         Harm     .   t - +0 pair of gloves
MR       .....                  (no boots)
Stlth    ..........             (no amulet)
HPRegen  0.14/turn              o - ring of protection from fire
MPRegen  0.10/turn              (no ring)

@: no status effects
A: negative energy resistance 1, electricity resistance, unbreathing,
petrification resistance, rot immunity, AC +4
a: no special abilities


You were on level 4 of the Dungeon.
You were not hungry.

You visited 1 branch of the dungeon, and saw 4 of its levels.

You collected 180 gold pieces.

Inventory:

Hand Weapons
 a - a +0 long sword (weapon)
Armour
 c - a +0 shield (worn)
 r - a +0 cloak (worn)
 s - a +0 plate armour (worn)
 t - a +0 pair of gloves (worn)
Jewellery
 o - a ring of protection from fire (left hand)
Scrolls
 g - 2 scrolls of fear {unknown}
 i - a scroll of enchant armour {unknown}
 j - a scroll of teleportation {unknown}
 k - a scroll of enchant weapon {unknown}
 l - a scroll of amnesia {unknown}
 m - 4 scrolls of blinking {unknown}
 n - 3 scrolls of identify {unknown}
 p - 2 scrolls of remove curse {unknown}
 q - a scroll of magic mapping {unknown}
 u - a scroll of immolation {unknown}
Potions
 b - a potion of brilliance {unknown}
 d - a potion of might
 e - 2 potions of mutation {unknown}
 h - 3 potions of heal wounds {unknown}
Comestibles
 f - 6 rations
 v - 6 chunks of flesh


   Skills:
 + Level 5.4 Fighting
 * Level 5.4 Long Blades
 + Level 4.4 Armour
 + Level 4.4 Shields


You had 6 spell levels left.
You didn't know any spells.
Your spell library was empty.

Dungeon Overview and Level Annotations

Branches:
Dungeon (4/15)
 Temple: D:4-7

Altars:
Dithmenos
Fedhas
Xom
Yredelemnul

Annotations:
D:2 Crazy Yiuf


Innate Abilities, Weirdness & Mutations

You are resistant to torment.
Your stone body is resilient. (AC +4)
You are immune to poison.
You resist negative energy. (rN+)
You are resistant to electric shocks. (rElec)
You can survive without breathing.
You are immune to petrification.
You are immune to rotting.


Message History

The orc priest hits you but does no damage.
Unknown command.
Your plate armour prevents you from hitting the orc priest.
The orc wizard hits you but does no damage.
You block the orc's attack. The orc hits you but does no damage.
The orc priest hits you but does no damage.
The orc wizard hits you but does no damage.
Unknown command.
You closely miss the orc priest. You block the orc wizard's attack.
The orc hits you but does no damage.
The orc priest hits you but does no damage.
You block the orc's attack.
The orc wizard points at you and mumbles some strange words.
The puff of flame hits you but does no damage.
Unknown command.
Your shield and plate armour prevent you from hitting the orc priest.
You block the orc's attack. You block the orc wizard's attack.
The orc priest invokes the aid of Beogh against you.
Pain shoots through your body!
You die...

#.##...... #.##.....
####.##..# ########
#........#
.......###.##.....#
####...##.##.##..#
##.#.....#.##.....#####
##.#.....oo...##.##.......
...!.....@o...##........##
.#.#...#..o#...........##
#...<###'##.#######...###
####.#♣♣÷♣#.# #...... #
+..#♣#.# #...### #♣#..+.#
#...### ♣.♣♣### #...#.. #+
######...#.# ............


You could see an orc priest, an orc wizard and 2 orcs.

Vanquished Creatures
  Grinder (D:3)
  Sigmund (D:3)
  A scorpion (D:3)
  2 orc priests
  A bullfrog skeleton (D:4)
  A worker ant (D:4)
  4 adders
  2 worms (D:2)
  2 dart slugs (D:3)
  3 leopard geckos
  11 orcs (D:3)
  6 bats
  4 giant cockroaches
  A goblin (D:1)
  6 hobgoblins
  12 jackals
  3 quokkas
  8 frilled lizards
  8 kobolds
  8 rats
85 creatures vanquished.

Notes
Turn   | Place    | Note
-------+----------+-------------------------------------------
     0 | D:1      | Hasart the Gargoyle Fighter began the quest for the Orb.
     0 | D:1      | Reached XP level 1. HP: 14/14 MP: 1/1
   351 | D:1      | Reached XP level 2. HP: 16/19 MP: 2/2
  1103 | D:2      | Found a basalt altar of Yredelemnul.
  1106 | D:2      | Reached XP level 3. HP: 24/24 MP: 3/3
  1317 | D:2      | Found a shimmering altar of Xom.
  1342 | D:2      | Reached XP level 4. HP: 3/29 MP: 4/4
  1649 | D:2      | Found a runed translucent door.
  1650 | D:2      | Noticed Crazy Yiuf
  2045 | D:2      | Found a blossoming altar of Fedhas.
  2604 | D:3      | Reached XP level 5. HP: 33/34 MP: 5/5
  3085 | D:3      | Noticed Sigmund
  3112 | D:3      | Killed Sigmund
  3112 | D:3      | Reached skill level 5 in Fighting
  3112 | D:3      | Reached XP level 6. HP: 24/40 MP: 6/6
  3339 | D:3      | Noticed Grinder
  3360 | D:3      | Paralysed by Grinder for 4 turns
  3383 | D:3      | Killed Grinder
  3383 | D:3      | Reached skill level 5 in Long Blades
  3383 | D:3      | Reached XP level 7. HP: 13/44 MP: 7/7
  3739 | D:3      | Found a shadowy altar of Dithmenos.
  4026 | D:4      | HP: 2/44 [orc priest/divine providence (11)]
  4036 | D:4      | HP: 2/44 [orc priest/+0 short sword (2)]
  4040 | D:4      | Killed from afar by an orc priest

Skill      XL: |  1  2  3  4  5  6 |
---------------+-------------------+-----
Long Blades    | 2 3 4 5 |  5.4
Fighting       | 4 5 |  5.4
Armour         | 4 |  4.4
Shields        | 4 |  4.4

Action                   |  1- 3 |  4- 6 |  7- 9 || total
-------------------------+-------+-------+-------++-------
Melee: Long sword        |   115 |   220 |    35 ||   370
  Eat: Chunk             |     1 |     7 |       ||     8
       Ration            |       |       |     1 ||     1
Armor: Scale mail        |    78 |    37 |       ||   115
       Plate armour      |       |   130 |    35 ||   165
Dodge: Dodged            |    45 |    41 |     6 ||    92
Block: Shield            |    71 |    95 |    28 ||   194
       Rpst.: Long sword |    20 |     9 |     4 ||    33
